[Event "Groningen Festival 2018-B"]
[Site "Groningen"]
[Date "2018.12.23"]
[Round "2"]
[White "Tromp, Pieter"]
[Black "Karsdorp, Nico"]
[Result "1-0"]
[ECO "B02"]
[WhiteElo "2080"]
[BlackElo "1849"]
[Annotator "NA RC"]
[PlyCount "139"]
[EventDate "2018.12.22"]
[EventType "swiss"]
[EventCountry "NED"]
[SourceTitle "playchess.com"]
[Source "ChessBase"]
[SourceQuality "1"]
[TimeControl "40/5400+30:1800+30"]

1. e4 Nf6 2. Nc3 d5 3. exd5 Nxd5 4. Bc4 e6 5. Qf3 c6 6. Nge2 Nd7 7. d4 Qf6 8. Qe4 Qg6 9. O-O N7f6 10. Qf3 Qg4 11. Qd3 Qg6 12. Qf3 Qg4 13. Qxg4 Nxg4 14. Ne4 Ngf6 15. Ng5 Bd6 16. c3 h6 17. Nf3 O-O 18. Bd3 Rd8 19. c4 Ne7 20. b3 b6 21. Bb2 Bb7 22. Rfd1 c5 23. Ne5 Rac8 24. Ng3 cxd4 25. Bxd4 Nc6 26. Nxc6 Bxc6 27. Bc3 Be7 28. Bc2 Rxd1+ 29. Rxd1 Rd8 30. Rxd8+ Bxd8 31. f3 Be7 32. b4 Nd7 33. Kf2 Bf6 34. Bxf6 Nxf6 35. Ke3 Kf8 36. Kd4 Ke7 37. c5 Nd5 38. a3 Nf4 39. Ne4 Nxg2 40. Nd6 bxc5+ 41. Kxc5 Bxf3 42. Nc8+ Kd7 43. Nxa7 e5 44. Ba4+ Kc7 45. b5 Nf4 46. b6+ Kb7 47. Bd7 Ne6+ 48. Bxe6 fxe6 49. Nb5 g5 50. Nd6+ Ka6 51. Nf7 e4 52. Kd4 Kxb6 53. Nxh6 g4 54. Nf7 Kb5 55. Nd6+ Ka4 56. Nxe4 Kxa3 57. Ng5 Bd1 58. Nxe6 Kb2 59. Ke3 Kc3 60. Kf4 Kd3 61. Nc5+ Kd4 62. Ne4 Bc2 63. Nf6 Bd1 64. Nxg4 Bxg4 65. Kxg4 Ke5 66. Kg5 Ke6 67. Kg6 Ke7 68. Kg7 Ke6 69. h4 Kf5 70. h5 1-0

[Event "Groningen Festival 2018-B"]
[Site "Groningen"]
[Date "2018.12.23"]
[Round "2"]
[White "Wissmann, Dolf"]
[Black "Baier, Frederic"]
[Result "1-0"]
[ECO "C00"]
[WhiteElo "2049"]
[BlackElo "1824"]
[Annotator "NA RC"]
[PlyCount "79"]
[EventDate "2018.12.22"]
[EventType "swiss"]
[EventCountry "NED"]
[SourceTitle "playchess.com"]
[Source "ChessBase"]
[SourceQuality "1"]
[TimeControl "40/5400+30:1800+30"]

1. e4 e6 2. b3 d5 3. Bb2 dxe4 4. Nc3 Nf6 5. g4 h6 6. Qe2 Bd7 7. Bg2 Bc6 8. O-O-O Nbd7 9. Nxe4 Nxe4 10. Bxe4 Bxe4 11. Qxe4 c6 12. Nf3 Nf6 13. Qe2 Nxg4 14. Rhg1 Nf6 15. Ne5 Qe7 16. Rg3 Nd7 17. Nc4 O-O-O 18. b4 Nb6 19. Nxb6+ axb6 20. Ra3 Qxb4 21. Qf3 f6 22. Qg3 e5 23. Ra8+ Kc7 24. Rxd8 Kxd8 25. d4 e4 26. Qb8+ Ke7 27. Qxb7+ Ke6 28. d5+ Kf5 29. Qd7+ Kf4 30. Rg1 f5 31. dxc6 Qd6 32. Rxg7 Qxd7 33. Rxd7 Rg8 34. c7 Bd6 35. Rxd6 Rc8 36. Re6 Kf3 37. Be5 Kxf2 38. Rxb6 e3 39. Rb8 e2 40. Bg3+ 1-0

[Event "Groningen Festival 2018-B"]
[Site "Groningen"]
[Date "2018.12.23"]
[Round "2"]
[White "Husers, Yannic"]
[Black "Slagter, Ruben"]
[Result "0-1"]
[ECO "B34"]
[WhiteElo "1864"]
[BlackElo "2086"]
[Annotator "NA RC"]
[PlyCount "64"]
[EventDate "2018.12.22"]
[EventType "swiss"]
[EventCountry "NED"]
[SourceTitle "playchess.com"]
[Source "ChessBase"]
[SourceQuality "1"]
[TimeControl "40/5400+30:1800+30"]

1. e4 c5 2. Nf3 Nc6 3. d4 cxd4 4. Nxd4 g6 5. Nc3 Bg7 6. Nxc6 bxc6 7. Bc4 d6 8. Be3 e6 9. Qd2 d5 10. O-O-O Ne7 11. Na4 Qc7 12. exd5 cxd5 13. Bb3 O-O 14. Kb1 Bd7 15. Nc5 a5 16. Ba4 Bxa4 17. Nxa4 Nf5 18. Bc5 Rfb8 19. c3 Qc6 20. Qc2 Rb5 21. g4 Nd6 22. Bxd6 Qxd6 23. c4 Rb4 24. cxd5 exd5 25. Nc3 Rab8 26. b3 Qf6 27. Rd3 a4 28. g5 Qxg5 29. Nxd5 axb3 30. axb3 Qe5 31. Qa2 Rd4 32. Rhd1 Qxd5 0-1

[Event "Groningen Festival 2018-B"]
[Site "Groningen"]
[Date "2018.12.23"]
[Round "2"]
[White "Ypma, Jord"]
[Black "Rupert, Casper"]
[Result "1-0"]
[ECO "B13"]
[WhiteElo "1840"]
[BlackElo "2055"]
[Annotator "NA RC"]
[PlyCount "51"]
[EventDate "2018.12.22"]
[EventType "swiss"]
[EventCountry "NED"]
[SourceTitle "playchess.com"]
[Source "ChessBase"]
[SourceQuality "1"]
[TimeControl "40/5400+30:1800+30"]

1. d4 d5 2. Bf4 c5 3. e3 Nc6 4. Nf3 cxd4 5. exd4 Qb6 6. Nc3 Nf6 7. Nb5 e5 8. dxe5 Ne4 9. Qxd5 Bb4+ 10. c3 Qxf2+ 11. Kd1 Bf5 12. cxb4 O-O 13. Be2 Nxb4 14. Qd4 Rfd8 15. Nd6 Qxg2 16. Rf1 Rac8 17. Nh4 Nf2+ 18. Qxf2 Rxd6+ 19. exd6 Qd5+ 20. Bd2 Bc2+ 21. Ke1 Nd3+ 22. Bxd3 Bxd3 23. Nf5 Qe5+ 24. Qe3 Qxb2 25. Qxd3 Qxa1+ 26. Kf2 1-0

[Event "Groningen Festival 2018-B"]
[Site "Groningen"]
[Date "2018.12.23"]
[Round "3"]
[White "Slagter, Ruben"]
[Black "Ypma, Jord"]
[Result "1-0"]
[ECO "B20"]
[WhiteElo "2086"]
[BlackElo "1840"]
[Annotator "NA RC"]
[PlyCount "85"]
[EventDate "2018.12.22"]
[EventType "swiss"]
[EventCountry "NED"]
[SourceTitle "playchess.com"]
[Source "ChessBase"]
[SourceQuality "1"]
[TimeControl "40/5400+30:1800+30"]

1. e4 c5 2. g3 g6 3. Bg2 Bg7 4. d3 Nc6 5. c3 e6 {[%emt 0:03:14] B20: Sicilian: Unusual White 2nd moves} (5... d6 6. Be3 Nf6 7. h3 O-O 8. Ne2 e5 9. O-O Re8 10. f4 exf4 11. gxf4 Nh5 12. Nd2 f5 13. Nf3 h6 {½-½ (37) Amin,B (2654)-Gopal,G (2540) Al Ain 2013}) 6. Be3 b6 7. Ne2 Nge7 8. O-O Bb7 9. d4 $146 ({Predecessor:} 9. Na3 d5 10. Nc2 O-O 11. Rb1 a5 12. d4 cxd4 13. cxd4 dxe4 14. Bxe4 {0-1 (47) Bezborodova,E-Stetsiuk,E Odessa 2008}) 9... d6 10. Qa4 O-O 11. Rd1 Qc7 12. f4 Rfd8 13. Na3 a6 14. d5 (14. dxc5 $11 dxc5 15. Qc2) 14... exd5 15. exd5 Nb8 16. Qc2 Re8 17. Bf2 b5 18. Qd2 Nd7 19. Nc2 Nb6 20. Ne3 Bc8 (20... Qc8 $15) 21. g4 Kh8 22. Ng3 Ng8 23. h4 (23. Re1 $14) 23... Nh6 {[%emt 0:00:40] Remove Defender} 24. Bf3 f5 25. g5 Ng4 26. Bxg4 (26. Re1 $11 Bb7 27. Nxg4 fxg4 28. Bxg4) 26... fxg4 27. h5 {[%emt 0:01:12] [#]} (27. Qc2 $15) 27... Rf8 $2 (27... Qf7 $1 $17 28. hxg6 Qxf4) 28. h6 {[%emt 0:01:21] Trapped Piece} Rxf4 29. hxg7+ Qxg7 30. Ng2 Rf3 31. Nh4 Nc4 32. Qe2 ({Less strong is} 32. Nxf3 Nxd2 33. Nxd2 Bf5 $14) 32... Rf7 33. Re1 Bf5 34. a4 Raf8 {[%emt 0:00:38] [#]} 35. axb5 $1 axb5 36. b3 Ne5 37. Ngxf5 $2 (37. Nh1 $16) 37... gxf5 38. g6 (38. Bxc5 $5 Qxg5 39. Bxd6 Nf3+ 40. Kg2 Nxh4+ 41. Kf1 $11) 38... hxg6 $2 {[%emt 0:00:18] [#]} (38... Nxg6 $11 39. Nxg6+ Qxg6) 39. Bxc5 $1 Re8 $2 (39... dxc5 40. Qxe5 Rf6) 40. Bxd6 Nf3+ 41. Nxf3 Rxe2 42. Rxe2 gxf3 43. Rh2+ 1-0

[Event "Groningen Festival 2018-B"]
[Site "Groningen"]
[Date "2018.12.23"]
[Round "3"]
[White "Nixdorf, Andre"]
[Black "Santema, Tjeerd"]
[Result "0-1"]
[ECO "A32"]
[WhiteElo "1977"]
[BlackElo "1776"]
[Annotator "NA RC"]
[PlyCount "170"]
[EventDate "2018.12.22"]
[EventType "swiss"]
[EventCountry "NED"]
[SourceTitle "playchess.com"]
[Source "ChessBase"]
[SourceQuality "1"]
[TimeControl "40/5400+30:1800+30"]

1. d4 Nf6 2. Nf3 e6 3. c4 c5 4. g3 cxd4 5. Nxd4 Nc6 6. Bg2 Bc5 7. Nb3 Bb6 {[%emt 0:03:44] A32: Symmetrical English: 2 Nf3 Nf6 3 d4 cxd4 4 Nxd4 e6} (7... Be7 8. Nc3 b6 9. Nd4 Bb7 10. Nxc6 Bxc6 11. Bxc6 dxc6 12. O-O O-O 13. b3 Qc8 14. Bg5 h6 15. Bxf6 Bxf6 16. Qc2 {½-½ (35) Ivanchuk,V (2720)-Rapport,R (2693) Ashdod 2015}) 8. Nc3 O-O 9. O-O a6 10. Bf4 Bc7 11. Bd6 Bxd6 12. Qxd6 Qe7 13. Qxe7 $146 ({Predecessor:} 13. Qf4 Rd8 14. Rfd1 d6 15. Qe3 {1-0 (23) Hess,C (2203)-Nickel,J (1899) Buesum 2015}) 13... Nxe7 14. Rfd1 Rb8 15. Rd2 b6 16. Nd4 ({White should play} 16. e4 $16) 16... Bb7 17. Rc1 Bxg2 18. Kxg2 Rfc8 19. Nd1 Rb7 20. Ne3 Rbc7 21. Rdc2 Nc6 22. Nxc6 Rxc6 23. f4 Kf8 24. Kf3 d5 25. cxd5 Rxc2 26. Rxc2 Rxc2 27. Nxc2 Nxd5 28. e4 Nc7 29. Ke3 Ke7 30. Kd4 Kd6 31. b4 f6 32. Kc4 e5 33. f5 Kc6 34. g4 Ne8 35. a4 Nd6+ 36. Kd3 b5 (36... a5 $11) 37. a5 Nc4 38. Kc3 (38. Na1 $16) 38... h6 39. h4 Kb7 40. Kd3 Kc6 41. Na1 Nd6 42. Nb3 Nb7 43. Kc3 Kd6 44. Kd3 (44. Nc1 $16) 44... Kd7 $11 {[%emt 0:00:00] keeps the balance.} 45. Ke3 Kd6 $1 46. Kf3 (46. Nc1 $16) 46... Ke7 47. Ke3 ({White should play} 47. Kg3 $16) 47... Kd6 48. Kd3 Kc7 49. Nd2 ({White should try} 49. Ke2 $16) 49... Nd8 50. Nf3 Nf7 51. Ne1 Nd8 52. Kc3 Kc6 53. Ng2 Kd7 54. Ne3 Nc6 55. Nd5 Nd4 56. Kd3 Nf3 57. Ke3 Nh2 58. g5 $2 (58. Nb6+ $18 Kd6 59. Ke2) 58... fxg5 59. hxg5 hxg5 60. Kf2 Ng4+ $1 61. Kf3 Nh6 62. Kg3 Kd6 63. Nc3 Kd7 64. Nd5 Ng8 65. Nc3 $2 (65. Kf3 $11 {and White is okay.}) 65... Nf6 66. Kf3 {[%emt 0:00:43] [#]} Ke7 $1 67. Kg3 Kd6 68. Kf3 {[%emt 0:00:10] [#]} ({White has to play} 68. Kf2 $1 $15) 68... Ke7 (68... Kd7 $1 $19 69. Ke3 g4) 69. Kg3 Kf7 70. Kf3 g6 71. fxg6+ Kxg6 $2 72. Kg3 $1 Kf7 $2 73. Kf3 {[%emt 0:00:11] [#]} Ke6 (73... Kg7 $1 $19 74. Ke2 g4) 74. Kg3 {[%emt 0:00:19] [#]} Kd6 ({Better is} 74... Ke7 $1 $19 75. Kf3 Kf7) 75. Kf3 Ke6 76. Kg3 Kf7 77. Kf3 Kg6 78. Kg3 Kh5 79. Kh3 g4+ 80. Kg3 Kg5 81. Kg2 Kf4 (81... Kh4 $142 82. Kh2 g3+ 83. Kg1 Nh5) 82. Kf1 Nd7 (82... Kf3 $142 83. Ne2 Nxe4) 83. Kf2 g3+ 84. Kg2 Ke3 (84... Nb8 $142 85. Nd5+ Kxe4) 85. Kxg3 $19 Kd4 0-1

[Event "Groningen Festival 2018-B"]
[Site "Groningen"]
[Date "2018.12.23"]
[Round "3"]
[White "Van der Hagen, Loek"]
[Black "Tromp, Pieter"]
[Result "0-1"]
[ECO "B01"]
[WhiteElo "1830"]
[BlackElo "2080"]
[Annotator "NA RC"]
[PlyCount "100"]
[EventDate "2018.12.22"]
[EventType "swiss"]
[EventCountry "NED"]
[SourceTitle "playchess.com"]
[Source "ChessBase"]
[SourceQuality "1"]
[TimeControl "40/5400+30:1800+30"]

1. e4 d5 2. exd5 Nf6 3. Be2 Nxd5 4. d4 Bf5 5. Nf3 Nb4 {[%emt 0:03:29] B01: Scandinavian Defence} (5... e6 6. h3 Nb4 7. Na3 Be7 8. c3 Nd5 9. Nc4 O-O {½-½ (10) Delgado Ramirez,N (2602)-Matsuura,E (2492) Brasilia 2018}) 6. Na3 e6 7. O-O Be7 8. c3 Nd5 9. Nc4 O-O $146 ({Predecessor:} 9... Nc6 10. Nce5 Nxe5 11. Nxe5 c6 12. a3 Qb6 13. Re1 {1-0 (53) Veselovsky,J (2031)-Jurcisin,I (2031) Slovakia 2015}) 10. Ne3 Nxe3 11. fxe3 c5 12. Nd2 Bg6 13. Bf3 Qc7 14. Qe2 Nd7 15. Ne4 Rab8 16. Bd2 e5 17. Be1 f5 18. Nd2 e4 19. Bh5 Bd6 20. h3 cxd4 21. Bxg6 hxg6 22. Qc4+ Qxc4 23. Nxc4 Bc7 24. cxd4 Rfc8 25. Na3 a6 26. Bd2 Bd6 27. Rac1 Bxa3 28. bxa3 Nb6 29. Rxc8+ Rxc8 30. Rc1 Nc4 31. Rc2 b5 32. Bc1 (32. h4 $142) 32... Kf7 33. Kf2 Ke6 34. Ke2 g5 35. Kf2 Rf8 36. Kg3 (36. a4 $17 {is a better defense.}) 36... Kd5 37. Rc3 {[%emt 0:04:20] [#]} f4+ $1 38. exf4 Kxd4 39. Rb3 e3 40. Bxe3+ Nxe3 41. fxg5 Nf1+ 42. Kh4 $2 (42. Kg4 {was the crucial defense.}) 42... g6 43. Rb4+ Ke5 44. Kg4 Ne3+ 45. Kg3 Rc8 46. Kf3 Nf5 47. a4 Rc4 $19 48. Rxc4 bxc4 49. g4 c3 50. Ke2 Nd4+ 0-1

[Event "Groningen Festival 2018-B"]
[Site "Groningen"]
[Date "2018.12.23"]
[Round "3"]
[White "Achuthan, Dylan"]
[Black "Wissmann, Dolf"]
[Result "0-1"]
[ECO "B12"]
[WhiteElo "1759"]
[BlackElo "2049"]
[Annotator "NA RC"]
[PlyCount "66"]
[EventDate "2018.12.22"]
[EventType "swiss"]
[EventCountry "NED"]
[SourceTitle "playchess.com"]
[Source "ChessBase"]
[SourceQuality "1"]
[TimeControl "40/5400+30:1800+30"]

1. Nf3 d6 2. e4 c6 3. d4 Nd7 4. Nc3 h6 5. Bd3 e5 6. O-O Be7 7. Ne2 Qc7 8. Ng3 g6 9. b3 Bf6 10. Bb2 Ne7 11. c4 h5 12. h4 Nf8 13. dxe5 dxe5 14. Ng5 Bxg5 15. hxg5 h4 $1 16. Ne2 h3 17. g3 $1 h2+ $1 18. Kh1 Bh3 $1 19. Re1 $2 (19. f4 $11 {and White has nothing to worry.} Bxf1 20. Qxf1) 19... O-O-O $2 (19... Bg4 $19 20. Kg2 O-O-O) 20. Qc2 $2 (20. Nc3 $1 $15) 20... Bg4 21. Kg2 Ne6 22. f4 $2 (22. f3 Bh3+ 23. Kh1) 22... exf4 23. gxf4 Bxe2 (23... Nxf4+ $142 24. Nxf4 Qxf4 25. Be2 Rd2 26. Qxd2 Bh3+ 27. Kh1 Qxe4+ 28. Bf3 Qxf3+ 29. Kxh2 Rh5 30. Kg1 Qg3+ {[%mdl 64] Double Attack} 31. Kh1 Bg4+ 32. Qh2 Rxh2#) 24. Bxe2 Nxf4+ $2 (24... Qxf4 $19 25. Bxh8 h1=R 26. Rxh1 Rd2 27. Qxd2 Qxd2) 25. Kh1 Rh4 26. Rad1 Rxd1 27. Rxd1 Nh3 28. Rf1 $2 (28. Bf1 {was the crucial defense.} Qf4 29. Bxh3+ Rxh3 30. Re1) 28... Qg3 29. Qd1 Rxe4 30. Bd4 Nf5 31. Bf6 Qg1+ $19 (31... Re8 $142 32. Bg4 Nf2+ 33. Rxf2 Qxf2 34. Bxf5+ gxf5) 32. Rxg1 hxg1=Q+ 33. Qxg1 Nxg1 0-1

[Event "Groningen Festival 2018-B"]
[Site "Groningen"]
[Date "2018.12.24"]
[Round "4"]
[White "Tromp, Pieter"]
[Black "Waardenburg, Feline"]
[Result "1-0"]
[ECO "B11"]
[WhiteElo "2080"]
[BlackElo "1763"]
[Annotator "NA RC"]
[PlyCount "71"]
[EventDate "2018.12.22"]
[EventType "swiss"]
[EventCountry "NED"]
[SourceTitle "playchess.com"]
[Source "ChessBase"]
[SourceQuality "1"]
[TimeControl "40/5400+30:1800+30"]

1. e4 c6 2. Nc3 d5 3. Nf3 dxe4 4. Nxe4 Bf5 5. Ng3 Bg6 {[%emt 0:00:24] [#]} 6. h4 $1 h6 7. Ne5 $1 Qd6 8. d4 Nd7 {[%emt 0:03:36] B11: Caro-Kann: Two Knights Variation} 9. Nxg6 Qxg6 10. Bd3 {[%emt 0:02:56] LiveBook: 3 Games} Qd6 11. c3 O-O-O 12. Qf3 $146 ({Predecessor:} 12. Qa4 c5 13. Qxa7 cxd4 14. Qxd4 Qxd4 15. cxd4 {1-0 (32) Grandelius,N (2525)-Ljung,D (1878) Norrkoeping 2009}) 12... Ngf6 13. Bd2 e5 14. O-O Qc7 (14... Qd5 $11 {remains equal.}) 15. Rfe1 Kb8 16. Rad1 Bd6 (16... exd4 $16 17. Nf5 (17. cxd4 Nb6 $14) 17... g5) 17. Nf5 g5 (17... Nd5 $142 18. Nxg7 exd4) 18. Bc2 $2 ({Don't take} 18. hxg5 hxg5 19. Bxg5 e4 $18) (18. Nxd6 $18 {and White stays clearly on top.} Qxd6 19. hxg5 hxg5 20. Bxg5) 18... exd4 19. cxd4 g4 20. Qb3 Nd5 21. g3 N7f6 (21... h5 $16 {is a better defense.}) 22. Bxh6 Nh5 23. Bg5 Rdg8 24. Be4 f6 25. Bxd5 cxd5 26. Bd2 Rd8 27. Re6 Ka8 28. Rc1 Qb8 29. Ba5 Rc8 30. Rxc8 Qxc8 31. Nxd6 Qd7 $18 32. Qxd5 f5 33. Qe5 Ng7 34. Re7 Qa4 35. Qxg7 Qd1+ 36. Re1 1-0

[Event "Groningen Festival 2018-B"]
[Site "Groningen"]
[Date "2018.12.24"]
[Round "4"]
[White "Wissmann, Dolf"]
[Black "Labruyere, Roger"]
[Result "1-0"]
[ECO "B25"]
[WhiteElo "2049"]
[BlackElo "1760"]
[Annotator "NA RC"]
[PlyCount "129"]
[EventDate "2018.12.22"]
[EventType "swiss"]
[EventCountry "NED"]
[SourceTitle "playchess.com"]
[Source "ChessBase"]
[SourceQuality "1"]
[TimeControl "40/5400+30:1800+30"]

1. e4 c5 2. Nc3 d6 3. d3 Nc6 4. g3 g6 5. Bg2 Bg7 6. Nh3 Nf6 7. O-O Bg4 {[%emt 0:03:18] B25: Closed Sicilian: 3 g3, lines without early Be3} (7... O-O 8. f4 Nd4 9. Nf2 Rb8 10. Nb1 e5 11. c3 Nc6 12. f5 gxf5 13. exf5 Bxf5 14. Ne4 Bxe4 15. dxe4 Ne7 16. Bg5 {1-0 (35) Granda Zuniga,J (2688)-Perez Mitjans,O (2442) La Roda 2016}) 8. f3 {[%emt 0:00:21] LiveBook: 5 Games} Bd7 9. Ne2 $146 ({Predecessor:} 9. f4 h5 10. Ne2 Qb6 11. Ng5 c4+ 12. d4 e5 13. c3 exd4 14. Nxd4 Ng4 15. Ngf3 {0-1 (46) Piersig,K (2343)-Bock,S (2518) ICCF email 2012}) 9... Qc8 10. Nf2 h5 11. c3 e5 12. f4 (12. Be3 $14) 12... Ng4 ({Black should try} 12... h4 $1 $15) 13. Qc2 (13. Nxg4 $14 {keeps the upper hand.} Bxg4 {[#]} 14. f5 $1 ) 13... b5 (13... Nxf2 $11 14. Rxf2 h4) 14. f5 gxf5 15. d4 ({White should try} 15. exf5 $14 Nxf2 16. Rxf2) 15... exd4 16. exf5 Nxf2 (16... Nce5 $11) 17. Rxf2 dxc3 (17... Be5 $16 {was worth a try.}) 18. f6 ({Worse is} 18. bxc3 Be5 $11) 18... Bf8 19. Qe4+ ({Stronger than} 19. bxc3 Ne5 $14) ({Resist} 19. Qxc3 $6 b4 $14) 19... Kd8 20. bxc3 (20. Nxc3 $16 Rb8 21. Bf4) 20... Rb8 21. Bf4 Rb6 22. a4 b4 {[%emt 0:03:47] [#]} (22... Bf5 $11 {keeps the balance.} 23. Qd5 Be6) 23. a5 $1 Ra6 24. cxb4 Nxb4 25. Nc3 Bc6 26. Qc4 Bxg2 27. Kxg2 Qb7+ {[%emt 0:01:26] [#]} (27... Qe6 $16 28. Qb5 Qd7) 28. Kg1 $1 Bh6 $2 (28... h4) 29. Bxh6 Rxh6 30. Re1 Rh8 31. Re7 Qc6 32. Qxf7 Rxa5 33. Rf1 c4 34. Rb7 (34. Qg7 $142 Qc5+ 35. Kg2 Qc6+ 36. Ne4 Re8 {[#]} 37. f7 $1 Ra2+ 38. Kg1 Rxe7 39. f8=Q+ {[%mdl 64] Double Attack, Discovered Attack} Kc7 40. Qgxe7+ Kb6 41. Qb8+ {[%mdl 64] Double Attack} Ka5 42. Qexa7+ Qa6 43. Rb1) 34... Qc5+ 35. Kg2 Qc6+ 36. Rf3 Na6 37. Qe7+ Kc8 38. Rxa7 (38. Ne4 $142 Nc7 39. Nxd6+ Qxd6 40. Qxd6 Kxb7 41. f7) 38... Re8 (38... Re5 $142) 39. Ra8+ Nb8 40. Rxa5 Rxe7 41. fxe7 Kd7 42. Ra7+ (42. Nd5 $142 Na6 43. Rf8 Qxd5+ 44. Rxd5) 42... Ke8 {[%emt 0:00:10] [#]} 43. Nb5 $1 {[%emt 0:01:37] Back Rank} Nd7 44. Nd4 Qb6 45. Nf5 Qc6 {[%emt 0:00:00] [#]} 46. Kf2 $1 Qb6+ 47. Re3 Qb2+ 48. Kf3 Ne5+ {[%emt 0:00:00] [#]} 49. Rxe5 $1 Qb3+ 50. Re3 Qd1+ 51. Re2 Qf1+ 52. Rf2 Qh1+ 53. Ke2 Qe4+ 54. Kd2 Qd3+ $2 (54... c3+ $11 55. Kxc3 Qe5+ 56. Kc2 Qc5+ 57. Kd1 Qd5+ 58. Ke1 Qe4+ 59. Kf1 Qh1+ 60. Ke2 Qe4+ 61. Ne3 Qxe7 62. Rxe7+ Kxe7) 55. Kc1 Qc3+ {[%emt 0:00:00] [#]} 56. Rc2 $1 Qe1+ 57. Kb2 Qe5+ 58. Ka2 Qxf5 59. Rb2 Qc8 60. Rf2 Qd7 61. Rxd7 Kxd7 62. Re2 Ke8 63. Kb2 d5 64. Kc3 h4 65. gxh4 1-0

[Event "Groningen Festival 2018-B"]
[Site "Groningen"]
[Date "2018.12.24"]
[Round "4"]
[White "Van Hamond, Fons"]
[Black "De Jong, Mathijs"]
[Result "1-0"]
[ECO "B12"]
[WhiteElo "2001"]
[BlackElo "1967"]
[Annotator "NA RC"]
[PlyCount "75"]
[EventDate "2018.12.22"]
[EventType "swiss"]
[EventCountry "NED"]
[SourceTitle "playchess.com"]
[Source "ChessBase"]
[SourceQuality "1"]
[TimeControl "40/5400+30:1800+30"]

1. e4 c6 2. d4 d5 3. e5 c5 4. c3 Nc6 5. Ne2 Bg4 {[%emt 0:08:05] B12: Caro-Kann: Advance Variation} 6. f3 {[%emt 0:03:50] LiveBook: 5 Games} (6. h3 Bxe2 7. Bxe2 e6 8. O-O Qb6 9. dxc5 Bxc5 10. b4 Be7 11. Be3 Qc7 12. f4 Nh6 13. Na3 {½-½ (44) Vachier Lagrave,M (2795)-Anand,V (2786) Stavanger 2017}) 6... Bf5 7. Ng3 Bxb1 8. Rxb1 cxd4 $146 ({Predecessor:} 8... e6 9. Be3 Qc7 10. Bd3 c4 11. Bc2 f5 12. f4 Be7 13. Nxf5 exf5 14. Bxf5 {1-0 (37) Planas Torrea,A (1920)-Sanmiguel Mateo,L (1958) Aragon 2012}) 9. cxd4 e6 10. a3 (10. Be3 $11) 10... Qb6 11. Ne2 {[%emt 0:03:07] [#]} ({Better is} 11. b4 $15) 11... Nge7 (11... Bxa3 $1 $17 12. Be3 (12. bxa3 Qxb1) 12... Bb4+ 13. Kf2 Nge7) 12. g4 h5 13. Bg2 hxg4 14. fxg4 {[%emt 0:02:51] [#]} Ng6 $1 15. Bg5 Nh4 16. Bxh4 Rxh4 17. h3 Be7 18. Qd3 Rh8 19. b4 Bh4+ 20. Kd1 $1 $11 {[%emt 0:00:10] and White is okay.} Bf2 (20... O-O-O $17) 21. Rf1 Bh4 22. b5 $2 {[%emt 0:05:05] [#]} Na5 $1 23. Nc3 (23. Ng1 $17) 23... Qd8 24. b6 Nc4 25. Nb5 $17 ({But not} 25. Qf3 Qd7 $19) (25. bxa7 $1 $11 Rxa7 26. Nb5) 25... axb6 26. Rb4 Ra5 27. Qf3 Rf8 28. a4 Rxb5 29. Rxb5 Qa8 30. Qb3 Bg5 31. Rf2 Be3 32. Re2 Bxd4 33. Bxd5 exd5 34. Rxd5 Qa6 35. Rxd4 b5 36. Qxb5+ Qxb5 37. axb5 Nb6 38. e6 1-0

[Event "Groningen Festival 2018-B"]
[Site "Groningen"]
[Date "2018.12.24"]
[Round "4"]
[White "Brendel, Bergit"]
[Black "Johnson, Matthew"]
[Result "1-0"]
[ECO "B01"]
[WhiteElo "1971"]
[BlackElo "2010"]
[Annotator "NA RC"]
[PlyCount "71"]
[EventDate "2018.12.22"]
[EventType "swiss"]
[EventCountry "NED"]
[SourceTitle "playchess.com"]
[Source "ChessBase"]
[SourceQuality "1"]
[TimeControl "40/5400+30:1800+30"]

1. e4 d5 2. exd5 Nf6 3. d4 Qxd5 4. Nc3 Qd8 5. Nf3 c6 {[%emt 0:00:49] B01: Scandinavian Defence} (5... g6 6. Be2 Bg7 7. O-O O-O 8. Bf4 Nc6 9. Qd2 b6 10. Rad1 Bb7 11. Rfe1 e6 12. Bh6 Ne7 13. Bxg7 Kxg7 {1-0 (60) Piorun,K (2612)-Nakamura,H (2763) Batumi 2018}) 6. h3 Bf5 7. Bc4 e6 8. O-O {[%emt 0:05:18] LiveBook: 8 Games} Be7 9. Bf4 Nbd7 10. Re1 O-O 11. Qe2 Bb4 $146 ({Predecessor:} 11... Nb6 12. Bb3 Nbd5 13. Bxd5 Nxd5 14. Nxd5 cxd5 {0-1 (46) Jordanov,M-Nikolovski,M (1795) Skopje 2015}) 12. a3 Bxc3 13. bxc3 Ne4 14. g4 Bg6 15. Bd2 Qa5 16. h4 {[%emt 0:13:48] [#]} (16. Bd3 $1 $15 Nxd2 17. Qxd2) 16... Nxd2 (16... h5 $1 $17) 17. Qxd2 h5 18. Ne5 Nb6 $2 {[%emt 0:04:49] [#]} (18... Nxe5 $11 {and Black is okay.} 19. Rxe5 Qd8) 19. Bxe6 $1 fxe6 20. Nxg6 {[%emt 0:00:06] Discovered Attack (Double check)} Rf6 21. Ne7+ Kf7 22. g5 Rf3 $2 (22... Kxe7 {was necessary.} 23. Re5 (23. gxf6+ gxf6 24. Qf4 Qd5 $18) 23... Nd5) 23. Qe2 $1 {[%emt 0:00:07] Double Attack} Kxe7 24. Qxf3 Qd5 25. Qxh5 Nc4 26. Re2 Re8 27. Qg6 Kf8 28. Rae1 Qf3 29. Qd3 Qg4+ $18 30. Qg3 Qf5 31. Re4 Kg8 32. Qd3 Nb2 33. Qe2 Kf7 34. Re5 Qh3 35. Qh5+ Kf8 36. R1e3 1-0

[Event "Groningen Festival 2018-B"]
[Site "Groningen"]
[Date "2018.12.24"]
[Round "4"]
[White "Santema, Tjeerd"]
[Black "Slagter, Ruben"]
[Result "0-1"]
[ECO "D21"]
[WhiteElo "1776"]
[BlackElo "2086"]
[Annotator "NA RC"]
[PlyCount "34"]
[EventDate "2018.12.22"]
[EventType "swiss"]
[EventCountry "NED"]
[SourceTitle "playchess.com"]
[Source "ChessBase"]
[SourceQuality "1"]
[TimeControl "40/5400+30:1800+30"]

1. d4 d5 2. c4 dxc4 3. Nf3 Nd7 4. e3 {[%emt 0:00:24] D21: Queen's Gambit Accepted: 3 Nf3 sidelines} (4. Nc3 a6 5. a4 Rb8 6. e4 b5 7. axb5 axb5 8. d5 Nc5 9. Ne5 Bd7 10. Be3 Nb3 11. Ra7 Nf6 12. Nxc4 bxc4 13. Bxc4 {½-½ (23) Giri,A (2782)-Mamedyarov,S (2801) chess.com INT 2018}) 4... Nb6 5. Nbd2 {[%emt 0:04:10] LiveBook: 4 Games} Be6 6. Qc2 Nf6 7. a4 $146 ({Predecessor:} 7. Nxc4 Nxc4 8. Bxc4 Bxc4 9. Qxc4 c6 10. O-O e6 11. Bd2 Qd5 {½-½ (25) Lukacs,P (2465)-Kovacevic,V (2500) Tuzla 1981}) 7... a5 8. h3 Nfd5 9. Nxc4 (9. e4 $1 $14) 9... Nb4 10. Qc3 N6d5 11. Qb3 Bf5 12. e4 $2 (12. Na3 $11 {and White stays safe.}) 12... Bxe4 13. Nce5 $2 (13. Na3 {was the only chance.}) 13... e6 14. Nxf7 $2 (14. Bd3 {might work better.} Nxd3+ 15. Nxd3) 14... Bc2 ({Less strong is} 14... Kxf7 15. Ng5+ Qxg5 16. Bxg5 $19) 15. Nxd8 Bxb3 16. Nxb7 (16. Bb5+ $142 c6 17. O-O) 16... Nc2+ {[%emt 0:00:50] Double Attack} 17. Kd2 Bb4+ $19 0-1